Map: [ESL] Alcyone

Players

gumiho - Winner!

  • Race: Terran Terran
  • Spawn Location: 1:00

Moja

  • Race: Terran Terran
  • League: Grandmaster
  • Spawn Location: 7:00

Event: HomeStory Cup XXV

VOD

Have the link to the VOD?

Description

Time

  • Played on: June 21, 2024, 11:31 a.m.
  • Length: 3:04

All games in this series

Show
View Real Time Build Order
Export as new Build Order

gumiho Terran - Winner!

Build Orders:  

Get SALT Encoding   

  12  0:00  SCV  
  13  0:12  SCV  
  14  0:17  Supply Depot  
  14  0:24  SCV  
  15  0:40  Barracks  
  15  0:41  Refinery  
  15  0:54  Barracks  
  15  0:59  SCV  
  17  1:11  SCV  
  17  1:12  Refinery  
  17  1:23  SCV  
  18  1:27  Reaper  
  19  1:35  Orbital Command  
  19  1:41  Reaper  
  20  1:50  Supply Depot  
  20  1:59  Reaper  
  21  2:01  SCV  
  22  2:13  SCV, Reaper  
  24  2:21  Factory  
  24  2:32  Reaper  
  25  2:37  SCV  
  25  2:49  SCV  
Show
View Real Time Build Order
Export as new Build Order

Moja Terran 

Build Orders:  

Get SALT Encoding   

  12  0:00  SCV  
  13  0:12  SCV  
  14  0:16  Supply Depot  
  14  0:24  SCV  
  15  0:38  SCV  
  15  0:40  Barracks  
  16  0:43  Refinery  
  16  0:50  SCV  
  17  0:58  Barracks  
  17  1:02  SCV  
  18  1:14  SCV  
  19  1:27  Orbital Command, Reaper  
  19  1:30  Supply Depot  
  20  1:36  Refinery  
  20  1:45  Reaper  
  21  1:52  SCV  
  22  2:00  Reaper  
  23  2:04  SCV  
  24  2:16  SCV  
  24  2:18  Reaper  
  26  2:28  SCV  
  24  2:40  SCV  
  24  2:42  Factory  
Tags
 
Add a new tag
Caveats
  • Supply blocks, unpowered buildings, or Contaminate may cause inaccurate times.
  • Supply counts are checked every 10 seconds.